 Dungeon Crawl Stone Soup version 0.29-a0-283-ga02f740833 (webtiles) character file.

Game seed: 17734924847839353021

192075 PaleWalker the Alchemist (level 17, -8/83 HPs)
             Began as a Felid Summoner on Mar 13, 2022.
             Was a Believer of Jiyva.
             Killed from afar by a deep elf annihilator (17 damage)
             ... with an iron shot
             ... on level 3 of the Elven Halls on Mar 14, 2022.
             The game lasted 05:11:36 (79230 turns).

PaleWalker the Alchemist (Felid Summoner)          Turns: 79230, Time: 05:11:38

Health: -8/83      AC: 17    Str:  7    XL:     17   Next: 25%
Magic:  5/34       EV: 35    Int: 23    God:    Jiyva [**....]
Gold:   1184       SH:  5    Dex: 18    Spells: 0/40 levels left
                                        Lives:  0   Deaths: 5

rFire   + . .      SeeInvis +     - Unarmed
rCold   . . .      Faith    .   (shield unavailable)
rNeg    . . .      Spirit   .   (body armour unavailable)
rPois   ∞          Reflect  +   (helmet unavailable)
rElec   +          Harm     .   (cloak unavailable)
rCorr   +          Rampage  .   (gloves unavailable)
Will    ++...                   (boots unavailable)
Stlth   ++........              L - amulet of reflection
HPRegen 1.19/turn               M - ring of Gosut {rF+ Str+3}
MPRegen 0.54/turn               o - ring of wizardry

@: storm-form, flying
A: cleaving, flying, very small, (claws 1), (fangs 3), see invisible, (speed 1),
(shaggy fur 3), (stealthy paws), no weapons or thrown items, no armour,
multi-lived
}: 2/15 runes: barnacled, gossamer
a: Blinkbolt, End Transformation, Renounce Religion


You were on level 3 of the Elven Halls.
You worshipped Jiyva.
Jiyva was pleased with you.
You were a lightning-filled tempest!
You visited 9 branches of the dungeon, and saw 41 of its levels.
You also visited: Bailey.

You collected 13271 gold pieces.
You spent 2492 gold pieces at shops.
You paid 9595 gold pieces to Gozag.

Inventory:

Hand Weapons
 S - the +8 quarterstaff of the Bear {protect, rF+}
   (You found it on level 15 of the Dungeon)

   It grants its wielder temporary protection when it strikes (+7 to AC).
   rF:        It protects you from fire.
Jewellery
 k - the ring of Ethiec {Fly rN+ Int+4 Dex+6}
   (You took it off a deep elf annihilator on level 3 of the Elven Halls)

   [ring of dexterity]

   Int:       It affects your intelligence (+4).
   Dex:       It affects your dexterity (+6).
   rN:        It protects you from negative energy.
   Fly:       It grants you flight.
 l - a +4 ring of protection
 o - a ring of wizardry (right paw)
 q - a +6 ring of intelligence
 u - a +4 ring of evasion
 x - the ring "Uzemulyr" {rPois Slay+3}
   (You took it off a deep elf elementalist on level 3 of the Elven Halls)

   [ring of poison resistance]

   Slay:      It affects your accuracy & damage with ranged weapons and melee
   (+3).
   rPois:     It protects you from poison.
 L - an amulet of reflection (around neck)
 M - the ring of Gosut (left paw) {rF+ Str+3}
   (You found it on level 6 of the Lair of Beasts)

   [ring of protection from fire]

   Str:       It affects your strength (+3).
   rF:        It protects you from fire.
 Q - a +4 ring of evasion
 W - a +4 ring of slaying
Wands
 i - a wand of digging (21)
 r - a wand of flame (52)
 t - a wand of paralysis (11)
 C - a wand of iceblast (32)
 E - a wand of mindburst (22)
 G - a wand of acid (6)
 R - a wand of charming (4)
 T - a wand of polymorph (5)
Scrolls
 c - 3 scrolls of immolation
 e - 7 scrolls of vulnerability
 h - 2 scrolls of fog
 j - 2 scrolls of magic mapping
 w - a scroll of teleportation
 y - 5 scrolls of fear
 B - a scroll of summoning
 K - 12 scrolls of identify
 N - 4 scrolls of amnesia
 O - 6 scrolls of noise
 U - a scroll of torment {unknown}
Potions
 a - 3 potions of magic
 b - 3 potions of haste
 d - 2 potions of might
 f - 4 potions of attraction
 g - 6 potions of brilliance
 m - 2 potions of degeneration
 n - a potion of invisibility
 p - 5 potions of lignification
 s - 4 potions of cancellation
 v - 3 potions of resistance
 D - 5 potions of curing
 H - 16 potions of ambrosia
 I - 5 potions of flight
 P - 2 potions of mutation
Miscellaneous
 A - a phial of floods
 F - a condenser vane
 J - a lightning rod (4/4)
 V - a box of beasts (inert)


   Skills:
 - Level 14.0 Fighting
 - Level 14.0 Dodging
 - Level 2.6 Stealth
 - Level 8.0 Unarmed Combat
 - Level 12.0 Spellcasting
 - Level 7.1 Hexes
 + Level 14.3 Summonings
 - Level 2.0 Necromancy
 - Level 8.5 Translocations
 - Level 19.0 Transmutations
 - Level 15.0 Air Magic
 - Level 5.0 Evocations


You couldn't memorise any spells.
You knew the following spells:

 Your Spells              Type           Power      Damage    Failure   Level
a - Summon Small Mammal   Summ           100%       N/A       0%          1
b - Storm Form            Tmut/Air       37%        N/A       1%          7
c - Call Canine Familiar  Summ           68%        N/A       1%          3
d - Summon Guardian Gole  Hex/Summ       59%        N/A       1%          3
e - Summon Lightning Spi  Summ/Air       69%        N/A       1%          4
f - Anguish               Hex/Necr       17%        N/A       2%          4
g - Tukima's Dance        Hex            46%        N/A       1%          3
h - Manifold Assault      Tloc           52%        N/A       1%          5
i - Summon Horrible Thin  Summ           34%        N/A       32%         8
j - Wereblood             Tmut           79%        N/A       0%          2

Your spell library contained the following spells:

 Spells                   Type           Power      Damage    Failure   Level
 Beastly Appendage        Tmut           100%       N/A       0%          1
 Call Imp                 Summ           68%        N/A       0%          2
 Animate Skeleton         Necr           46%        N/A       1%          1
 Pain                     Necr           92%        1d8       1%          1
 Slow                     Hex            100%       N/A       1%          1
 Blink                    Tloc           100%       N/A       1%          2
 Corpse Rot               Necr/Air       100%       N/A       1%          2
 Poisonous Vapours        Pois/Air       96%        N/A       1%          2
 Static Discharge         Conj/Air       48%        N/A       1%          2
 Confusing Touch          Hex            46%        N/A       1%          3
 Dazzling Flash           Conj/Hex       60%        N/A       1%          3
 Ignite Poison            Fire/Tmut/Pois 42%        N/A       1%          3
 Inner Flame              Hex/Fire       30%        N/A       1%          3
 Lesser Beckoning         Tloc           52%        N/A       1%          3
 Spider Form              Tmut/Pois      55%        N/A       1%          3
 Silence                  Hex/Air        29%        N/A       1%          5
 Summon Forest            Summ/Tloc      30%        N/A       1%          5
 Summon Mana Viper        Hex/Summ       59%        N/A       1%          5
 Summon Cactus Giant      Summ           34%        N/A       1%          6
 Vampiric Draining        Necr           23%        2d7       2%          3
 Summon Hydra             Summ           34%        N/A       4%          7
 Conjure Flame            Conj/Fire      13%        6-21      6%          3
 Ozocubu's Armour         Ice            13%        N/A       6%          3
 Eringya's Noxious Bog    Tmut/Pois      27%        N/A       6%          6
 Dispel Undead            Necr           23%        3d12      9%          4
 Conjure Ball Lightning   Conj/Air       24%        3x3d7     13%         6
 Malign Gateway           Summ/Tloc      30%        N/A       14%         7
 Sticky Flame             Conj/Fire      13%        2d4       17%         4
 Agony                    Necr           23%        N/A       22%         5
 Maxwell's Capacitive Co  Air            35%        ∞         26%         8
 Fireball                 Conj/Fire      6%         3d5       43%         5
 Iskenderun's Battlesphe  Conj           13%        2d7       43%         5
 Enfeeble                 Hex            23%        N/A       61%         7
 Orb of Destruction       Conj           6%         9d6       100%        7
 Ozocubu's Refrigeration  Ice            6%         4d6       100%        7


Dungeon Overview and Level Annotations

Branches:
Dungeon (15/15)            Temple (1/1) D:4            Lair (6/6) D:11
 Shoals (4/4) Lair:4       Spider (4/4) Lair:2        Slime (5/5) Lair:6
    Orc (2/2) D:12            Elf (3/3) Orc:2        Vaults (0/5) D:13
 Depths (0/4) D:15           Hell (visited)          Bailey (visited)
    Dis: Hell:1         Geh: Hell:1         Coc: Hell:1         Tar: Hell:1

Altars:
Ashenzari
Cheibriados
Dithmenos
Elyvilon
Fedhas
Gozag
Hepliaklqana
Kikubaaqudgha
Makhleb
Nemelex Xobeh
Okawaru
Qazlal
Ru
Sif Muna
Trog
Uskayaw
Vehumet
Wu Jian
Xom
Yredelemnul
Zin
The Shining One
Beogh
Jiyva

Shops:
D:5 *   D:12 *   Orc:2 !!*:(   Elf:1 ::=   Lair:2 :*   Shoals:4 ?   Spider:2 *

Portals:
Hell: Lair:6

Annotations:
D:8 2 transporters, sirJeffrey23's ghost, novice DsMo
D:9 1 runed translucent door, ziggurnaut's ghost, novice OgWz
D:10 3 runed translucent doors, Gibbon's ghost, journeyman DsNe
D:14 3 runed translucent doors
D:15 exclusion: obsidian statue
Shoals:1 exclusion: kraken
Shoals:2 3 runed translucent doors
Shoals:4 1 runed translucent door, dolemite99's ghost, adept TrMo
Slime:5 Royal Jelly
Elf:3 3 runed translucent doors, Wicel's ghost, adept MiBe
Hell Geryon


Innate Abilities, Weirdness & Mutations

You are a lightning-filled tempest!
Your electrical attacks strike out in all directions at once.
You are incredibly evasive.
You are flying.
You are immune to poison.
((You have sharp claws.))
((You have razor-sharp teeth.))
You have supernaturally acute eyesight. (SInv)
((You cover ground quickly. (Speed+)))
((Your thick and shaggy fur keeps you warm. (AC +3, rC+)))
((Your paws help you pounce on unaware monsters.))
You are incapable of wielding weapons or throwing items.
You cannot wear armour.
You gain extra lives every three experience levels.


Message History

You hit the earth elemental but do no damage. x2
You hit the earth elemental.
You hit the earth elemental but do no damage.
The deep elf elementalist completely misses you.
You block the earth elemental's attack.
The earth elemental completely misses you.
You block the earth elemental's attack.
You hit the deep elf elementalist.
The deep elf elementalist is almost dead.
You buffet the earth elemental! x2; You hit the earth elemental.
You buffet the earth elemental!
You feel energetic enough to blinkbolt again.
The deep elf elementalist misses you.
The earth elemental completely misses you.
You batter the deep elf elementalist!!
You kill the deep elf elementalist!
The earth elemental disappears in a puff of smoke! x5
x - the ring "Uzemulyr" {rPois Slay+3}
Things that are here:
a +2 long sword of freezing; a +3 leather armour; an elf corpse You start resting.
A deep elf annihilator is nearby!
Space momentarily warps into an impossible shape!
You barely miss the deep elf annihilator.
The deep elf annihilator shouts!
The deep elf annihilator gestures wildly while chanting.
The deep elf annihilator blinks!
Space momentarily warps into an impossible shape!
You barely miss the deep elf annihilator.
The deep elf annihilator points at you and mumbles some strange words.
The poison arrow misses you.
Space momentarily warps into an impossible shape!
You closely miss the deep elf annihilator.
The deep elf annihilator casts a spell at you.
The iron shot hits you!!!
Ouch! That really hurt!
* * * LOW HITPOINT WARNING * * *
The deep elf annihilator gestures at you while chanting.
The iron shot hits you!
You die...

## #...# .##
##.##
#.######### #.#
##.##.....#
#.##
##'#.....##
#..# ##.......#
#..# #.......#
##.## #.......#
#..##
##.....#####.v#
#.....# #..)##
# ####### #..e#
## ##..)######
.## #.........#
..##
#.........#
J..#
#....)....#
...#
##.........#
...#
#..........#


You could see a deep elf annihilator (fast, incited).

Vanquished Creatures
  Arachne (Spider:3)
  Jorgrun (Shoals:3)
  Mlioglotl (Spider:1)
  2 deep elf master archers (Elf:3)
  2 deep elf blademasters (Elf:3)
  Polyphemus (Shoals:2)
  Agnes (Spider:3)
  Donald (Shoals:1)
  Ilsuiw (Shoals:2)
  3 emperor scorpions
  A deep elf sorcerer (Elf:2)
  Louise (Elf:3)
  2 deep elf elementalists (Elf:3)
  A juggernaut zombie (D:15)
  Aizul (Shoals:2)
  5 broodmothers (Spider:4)
  An ironbound preserver (D:12)
  4 deep elf demonologists
  Nessos (D:13)
  5 deep elf annihilators
  3 spark wasps
  Azrael (D:15)
  4 entropy weavers
  6 merfolk javelineers
  4 deep elf death magi (Elf:3)
  Josephine (Shoals:1)
  A ragged hierophant (Elf:2)
  6 merfolk impalers
  A boulder beetle (D:14)
  4 deep elf high priests
  2 hydras
  A rakshasa (D:15)
  A radroach (Spider:4)
  3 centaur warriors
  3 merfolk avatars
  An alligator snapping turtle (Shoals:1)
  A jorogumo (Spider:2)
  7 merfolk aquamancers
  2 satyrs (Shoals:4)
  A tengu warrior (D:13)
  8 two-headed ogres
  7 dancing weapons
  2 death yaks (Shoals:2)
  An orc high priest (Orc:2)
  11 deep elf knights
  Lodul (D:12)
  2 skeletal warriors
  5 pharaoh ants
  2 sun moths
  11 steelbarb worms
  8 orb spiders
  9 sea snakes
  14 deep elf archers
  A necromancer (D:14)
  A tengu zombie (D:15)
  A lindwurm (shapeshifter) (D:15)
  A flayed ghost (D:14)
  12 harpies
  2 harpies (shapeshifter) (D:15)
  15 ugly things
  22 wolf spiders
  An orc knight (Orc:1)
  31 deep elf zephyrmancers
  An orc sorcerer (Orc:2)
  A cyclops (shapeshifter) (D:12)
  15 deep elf pyromancers
  A sphinx skeleton (D:15)
  11 fauns
  8 manticores
  5 moths of wrath
  4 cyclopes
  A frost giant skeleton (D:15)
  An elephant (shapeshifter) (D:15)
  9 torpor snails
  8 water nymphs
  9 merfolk sirens
  8 demonic crawlers
  A freezing wraith (D:15)
  A komodo dragon (D:12)
  A kobold demonologist (D:14)
  A tengu conjurer (D:13)
  A yaktaur (D:15)
  4 trolls (Orc:2)
  A merfolk (shapeshifter) (D:15)
  25 merfolk
  7 meliai
  20 tarantellas
  8 wind drakes
  5 slime creatures
  3 dream sheep (Shoals:4)
  A blink frog (Lair:2)
  3 saltlings (Elf:2)
  8 snapping turtles
  27 jumping spiders
  A centaur simulacrum (D:14)
  28 culicivoras
  4 wraiths
  4 fire elementals
  13 water elementals
  15 vampire mosquitoes
  62 redbacks
  2 wargs (Orc:1)
  4 hell hounds
  3 orc warriors (Orc:1)
  8 ogres
  A centaur (D:10)
  4 earth elementals
  5 electric eels
  3 orc priests (Orc:2)
  An orc wizard (Orc:2)
  A hell rat (Lair:4)
  A river rat (D:6)
  2 white imps
  3 orcs
  2 quokkas
  2 bats (D:1)
  2 frilled lizards (D:2)
  3 rats
630 creatures vanquished.

Vanquished Creatures (collateral kills)
  Frances (Shoals:1)
  Kirke (D:12)
  An orc warlord (Bailey)
  A dire elephant (Lair:4)
  3 hydras
  2 catoblepae
  9 two-headed ogres
  An alligator (Lair:4)
  2 ogre magi (Orc:2)
  Urug (Lair:4)
  A deep elf knight (Orc:2)
  A sun demon (Lair:6)
  Sonja (D:11)
  A sea snake (Shoals:1)
  A fire crab (Lair:6)
  A deep troll (Orc:1)
  A harpy (Shoals:1)
  A wizard (Lair:6)
  4 deep elf zephyrmancers
  2 deep elf pyromancers
  2 ugly things (D:14)
  An orc knight (Bailey)
  3 cyclopes
  Maurice (D:9)
  5 manticores
  5 black mambas
  2 water nymphs (Shoals:1)
  A guardian serpent (Lair:6)
  8 rime drakes
  An unseen horror (D:8)
  4 torpor snails
  An orange demon (Lair:6)
  13 cane toads
  2 kobold demonologists (D:10)
  A freezing wraith (D:11)
  10 komodo dragons
  A hellwing (Lair:6)
  An ice devil (Lair:6)
  A queen bee (shapeshifter) (D:12)
  3 polar bears
  A meliai (Lair:6)
  A merfolk (Shoals:3)
  6 trolls
  3 wind drakes
  3 red devils (Lair:6)
  A queen bee (Lair:6)
  Grinder (D:3)
  10 blink frogs
  4 dream sheep (Lair:5)
  3 wraiths
  2 shadows
  6 wyverns
  4 hogs (D:12)
  39 yaks
  2 water elementals
  4 basilisks
  5 steam dragons
  2 vampire mosquitoes (D:12)
  3 wargs
  3 hell hounds (Lair:6)
  18 water moccasins
  20 orc warriors
  4 black bears
  2 sky beasts (D:7)
  2 ice beasts
  15 ogres
  10 wolves
  2 centaurs
  A phantom (D:12)
  2 lemures (D:4)
  Blork the orc (D:4)
  3 kobold brigands
  15 bullfrogs
  A necrophage (D:6)
  2 scorpions
  14 wights
  2 troll zombies (D:12)
  25 killer bees
  2 howler monkeys (D:11)
  An electric eel (Lair:4)
  7 hounds
  2 jellies
  10 orc priests
  Natasha (thrice) (D:4)
  4 iguanas
  A hell rat (Lair:4)
  13 orc wizards
  5 ogre zombies (D:12)
  5 gnolls
  9 river rats (D:6)
  5 adders
  11 white imps
  A shadow imp (D:7)
  An adder zombie (D:2)
  An adder skeleton (D:2)
  2 worms (D:2)
  A dart slug (D:2)
  61 orcs
  6 endoplasms
  2 giant cockroaches
  13 goblins
  10 hobgoblins
  5 quokkas
  7 ball pythons
  A ball python skeleton (D:2)
  8 bats
  2 frilled lizards
  A goblin skeleton (D:12)
  4 goblin zombies (D:12)
  4 hobgoblin zombies (D:12)
  26 kobolds
  4 orc skeletons (D:12)
  11 orc zombies (D:12)
  13 rats
606 creatures vanquished.

Vanquished Creatures (others)
  2 orc warlords
  A hydra (Lair:6)
  3 boulder beetles
  An alligator (Lair:4)
  An anaconda (Lair:4)
  A tengu warrior (D:13)
  A fire crab (shapeshifter) (Elf:1)
  A deep troll (Orc:2)
  Pikel (D:4)
  A deep elf archer (Elf:1)
  A lindwurm (Lair:5)
  2 harpies (Shoals:1)
  A deep elf zephyrmancer (Orc:1)
  6 deep elf pyromancers
  A cyclops (D:11)
  2 black mambas
  A gargoyle (D:12)
  2 dancing weapons
  2 komodo dragons (Lair:6)
  2 meliai (Lair:6)
  4 trolls
  A red devil (Lair:6)
  A polar bear (Lair:3)
  A merfolk (Shoals:1)
  A tarantella (shapeshifter) (Elf:3)
  A hornet (Lair:4)
  2 blink frogs
  An air elemental (Elf:1)
  16 yaks
  3 wyverns
  A hog (D:12)
  2 basilisks
  Edmund (D:4)
  3 orc warriors
  A black bear (D:11)
  7 wolves
  A killer bee (Lair:6)
  2 electric eels
  91 jellies
  An iguana (D:5)
  2 orc wizards
  An ogre zombie (D:12)
  A river rat (D:6)
  A white imp (Lair:1)
  2 orcs
  A quokka (D:6)
  An orc zombie (D:12)
  4 rats (D:6)
  84 fungi
  221 plants
  4 tentacles (Shoals:1)
  8 withered plants
504 creatures vanquished.

Grand Total: 1740 creatures vanquished

Notes
Turn   | Place    | Note
-------+----------+-------------------------------------------
     0 | D:1      | PaleWalker the Felid Summoner began the quest for the Orb.
     0 | D:1      | Reached XP level 1. HP: 7/7 MP: 4/4
   407 | D:1      | Reached XP level 2. HP: 11/11 MP: 6/6
   410 | D:1      | Learned a level 2 spell: Call Imp
  1074 | D:2      | Found a faded altar of an unknown god.
  1245 | D:2      | Found a sacrificial altar of Ru.
  1309 | D:2      | Reached XP level 3. HP: 14/14 MP: 1/8
  2039 | D:2      | Learned a level 3 spell: Call Canine Familiar
  2218 | D:3      | Noticed an ice beast
  2504 | D:3      | Reached XP level 4. HP: 18/18 MP: 6/9
  2525 | D:3      | Learned a level 3 spell: Summon Guardian Golem
  2697 | D:3      | Killed an ice beast
  2698 | D:3      | Reached skill level 5 in Summonings
  2698 | D:3      | Reached XP level 5. HP: 21/21 MP: 1/11
  2895 | D:3      | Found an opulent altar of Gozag.
  2895 | D:3      | Noticed Grinder
  2905 | D:3      | Paralysed by Grinder for 2 turns
  2928 | D:3      | Killed Grinder
  2929 | D:3      | Gained mutation: You are covered in thick fur. (AC +2)
                  | [Felid growth]
  2929 | D:3      | Reached XP level 6. HP: 24/24 MP: 3/13
  3349 | D:4      | Noticed Natasha
  3365 | D:4      | Killed Natasha
  3376 | D:4      | Noticed Natasha
  3385 | D:4      | Killed Natasha
  3447 | D:4      | Found a staircase to the Ecumenical Temple.
  3461 | Temple   | Entered the Ecumenical Temple
  3741 | D:3      | Became a worshipper of Gozag Ym Sagoz the Greedy
  3776 | D:4      | Reached skill level 5 in Hexes
  3776 | D:4      | Reached XP level 7. HP: 27/27 MP: 9/14
  3875 | D:4      | Noticed Edmund
  4071 | D:4      | Noticed Natasha
  4086 | D:4      | Killed Natasha
  4476 | D:4      | Noticed Blork the orc
  4596 | D:4      | Killed Blork the orc
  4601 | D:4      | Found a hide-covered altar of Uskayaw.
  4665 | D:4      | Found a shimmering blue altar of Sif Muna.
  4716 | D:4      | Noticed Pikel
  4748 | D:4      | Found a basalt altar of Yredelemnul.
  4767 | D:4      | Found a shadowy altar of Dithmenos.
  5042 | D:4      | Reached skill level 5 in Spellcasting
  5830 | D:4      | Killed Edmund
  6056 | D:4      | Killed Pikel
  6057 | D:4      | Reached XP level 8. HP: 31/31 MP: 13/18
  6244 | D:4      | Learned a level 4 spell: Summon Lightning Spire
  6245 | D:5      | Entered Level 5 of the Dungeon
  6730 | D:5      | Reached skill level 1 in Air Magic
  7068 | D:5      | Found Askofog's General Store.
  8054 | D:6      | Found a glowing golden altar of the Shining One.
  8391 | D:6      | Reached XP level 9. HP: 34/34 MP: 13/20
  8549 | D:6      | Found an ancient bone altar of Kikubaaqudgha.
  9387 | D:6      | Identified the +10 long sword of Fresh Valiance {protect,
                  | rN+ Str+4}
 10458 | D:7      | Found a flagged portal.
 10468 | Bailey   | Entered a bailey
 10476 | Bailey   | Noticed an orc warlord
 10736 | Bailey   | Noticed an orc knight
 10776 | Bailey   | Killed an orc knight
 10777 | Bailey   | Reached skill level 10 in Summonings
 10777 | Bailey   | Reached skill level 5 in Air Magic
 11041 | Bailey   | Found a runed translucent gate.
 11041 | Bailey   | Found a runed translucent gate.
 11050 | Bailey   | Found a runed translucent gate.
 11324 | Bailey   | Killed an orc warlord
 11325 | Bailey   | Reached XP level 10. HP: 40/40 MP: 2/23
 11385 | Bailey   | Acquired a book of Maledictions
 11392 | Bailey   | Learned a level 4 spell: Anguish
 11396 | Bailey   | Learned a level 3 spell: Tukima's Dance
 12304 | D:7      | Reached skill level 1 in Necromancy
 12656 | D:8      | Noticed sirJeffrey23's ghost (novice DsMo)
 12658 | D:8      | Found a bloodstained altar of Trog.
 12658 | D:8      | Noticed a two-headed ogre
 12682 | D:8      | Found a transporter.
 12684 | D:8      | Found a transporter.
 12729 | D:8      | Noticed a moth of wrath
 13922 | D:9      | Noticed Maurice
 13964 | D:9      | Killed Maurice
 13965 | D:9      | Reached skill level 5 in Dodging
 14093 | D:9      | Noticed a two-headed ogre
 14119 | D:9      | Killed a two-headed ogre
 14156 | D:9      | Reached XP level 11. HP: 28/46 MP: 3/24
 14481 | D:9      | Noticed ziggurnaut's ghost (novice OgWz)
 14488 | D:9      | Found a runed translucent door.
 14573 | D:9      | Reached skill level 5 in Fighting
 14976 | D:10     | Entered Level 10 of the Dungeon
 15062 | D:10     | Found a runed translucent gate.
 15062 | D:10     | Found a runed translucent gate.
 15062 | D:10     | Found a runed translucent gate.
 15063 | D:10     | Noticed Gibbon's ghost (journeyman DsNe)
 15372 | D:10     | Noticed a soul eater
 15732 | D:10     | Identified the +1 pair of gloves of Inevitability {Regen+
                  | Int+2}
 17052 | D:11     | Found a staircase to the Lair.
 17144 | D:11     | Noticed Sonja
 17151 | D:11     | Killed Sonja
 17633 | Lair:1   | Entered Level 1 of the Lair of Beasts
 17818 | Lair:1   | Noticed a five-headed hydra
 17825 | Lair:1   | Killed a five-headed hydra
 18312 | Lair:1   | Gained mutation: Your thick and shaggy fur keeps you warm.
                  | (AC +3, rC+) [Felid growth]
 18312 | Lair:1   | Reached XP level 12. HP: 42/54 MP: 6/25
 19261 | Lair:2   | Reached skill level 10 in Dodging
 19482 | Lair:2   | Bought a book of the Sky for 660 gold pieces
 19488 | Lair:2   | Learned a level 5 spell: Manifold Assault
 19900 | Lair:2   | Found a hole to the Spider Nest.
 20899 | Lair:3   | Found a glowing silver altar of Zin.
 21775 | Lair:4   | Noticed a catoblepas
 22174 | Lair:4   | Killed a catoblepas
 22845 | Lair:4   | Reached skill level 10 in Spellcasting
 22883 | Lair:4   | Noticed an anaconda
 22894 | Lair:4   | Noticed an alligator
 22909 | Lair:4   | Mangled by an anaconda
 22910 | Lair:4   | Reached XP level 11. HP: -10/53 MP: 10/26
 22918 | Lair:4   | Learned a level 7 spell: Storm Form
 23214 | Lair:4   | Killed an anaconda
 23215 | Lair:4   | Reached skill level 1 in Transmutations
 23234 | Lair:4   | Reached XP level 12. HP: 28/57 MP: 7/27
 23428 | Lair:4   | Found a staircase to the Shoals.
 23598 | Lair:4   | Reached skill level 2 in Transmutations
 23905 | Lair:4   | Killed an alligator
 23906 | Lair:4   | Reached skill level 3 in Transmutations
 24225 | Lair:4   | Noticed an alligator
 24225 | Lair:4   | Noticed a dire elephant
 24239 | Lair:4   | Killed an alligator
 24250 | Lair:4   | Killed a dire elephant
 24251 | Lair:4   | Reached skill level 4 in Transmutations
 24626 | Lair:4   | Noticed Urug
 24635 | Lair:4   | Killed Urug
 25319 | Lair:5   | Reached skill level 5 in Transmutations
 25644 | Lair:5   | Reached skill level 10 in Fighting
 26442 | Lair:2   | Bought a lightning rod (4/4) for 870 gold pieces
 26528 | Lair:6   | Entered Level 6 of the Lair of Beasts
 26559 | Lair:5   | Reached skill level 6 in Transmutations
 26848 | Lair:5   | Reached XP level 13. HP: 61/61 MP: 25/28
 27363 | Lair:6   | Reached skill level 7 in Transmutations
 27641 | Lair:6   | Found a staircase to the Slime Pits.
 27641 | Lair:6   | Found a viscous altar of Jiyva.
 27932 | Lair:6   | Identified the ring of Gosut {rF+ Str+3}
 28203 | Lair:6   | Reached skill level 8 in Transmutations
 28316 | Lair:6   | Found a burning altar of Makhleb.
 28328 | Lair:6   | Killed from afar by a hell hound
 28329 | Lair:6   | Reached XP level 12. HP: -2/59 MP: 23/27
 28669 | Lair:6   | Noticed a boulder beetle
 28749 | Lair:6   | Noticed a boulder beetle
 28761 | Lair:6   | Killed a boulder beetle
 28765 | Lair:6   | Killed a boulder beetle
 28896 | Lair:6   | Found the +3 pair of seven-league boots {Rampage+∞}
 29132 | Lair:6   | Reached XP level 13. HP: 45/63 MP: 13/28
 29133 | Lair:6   | Reached skill level 9 in Transmutations
 29737 | Lair:6   | Found a gateway to Hell.
 29757 | Hell     | Entered the Vestibule of Hell
 29757 | Hell     | Noticed Geryon
 29757 | Hell     | Noticed a green death
 29757 | Hell     | Noticed a tentacled monstrosity
 29757 | Hell     | Noticed a reaper
 30155 | D:11     | Reached skill level 10 in Air Magic
 30740 | D:12     | Found a staircase to the Orcish Mines.
 31069 | D:12     | Noticed Kirke
 31087 | D:12     | Killed Kirke
 31088 | D:12     | Reached skill level 10 in Transmutations
 31354 | D:12     | Found Olovezu's Overcharged Wands.
 32067 | Orc:1    | Entered Level 1 of the Orcish Mines
 34343 | Orc:2    | Entered Level 2 of the Orcish Mines
 34693 | Orc:2    | Reached skill level 11 in Transmutations
 34983 | Orc:2    | Reached XP level 14. HP: 68/68 MP: 23/29
 35372 | Orc:2    | Noticed an orc warlord
 35499 | Orc:2    | Found Ybbuff's Weapon Emporium.
 36032 | Orc:2    | Killed an orc warlord
 36926 | Orc:2    | Found Elixzeat's Book Shop.
 36929 | Orc:2    | Found Mugote Ubba's Distillery.
 36955 | Orc:2    | Found Yraenn's Distillery.
 36967 | Orc:2    | Found Ratwuag's General Store.
 36981 | Orc:2    | Bought a potion of cancellation for 88 gold pieces
 36981 | Orc:2    | Bought a potion of cancellation for 88 gold pieces
 36981 | Orc:2    | Bought a potion of invisibility for 88 gold pieces
 36991 | Orc:2    | Bought a scroll of identify for 26 gold pieces
 36991 | Orc:2    | Bought a scroll of identify for 26 gold pieces
 36991 | Orc:2    | Bought a scroll of identify for 26 gold pieces
 37102 | Orc:2    | Found a staircase to the Elven Halls.
 37124 | Orc:2    | Noticed an orc warlord
 37170 | Orc:1    | Killed an orc warlord
 37464 | Orc:2    | Reached skill level 12 in Transmutations
 37787 | D:13     | Noticed Nessos
 38226 | D:13     | Noticed Lodul
 38230 | D:13     | Noticed an ironbound preserver
 38524 | D:12     | Killed Lodul
 38706 | D:12     | Killed an ironbound preserver
 38985 | D:13     | HP: 3/69 [centaur warrior/arrow (15)]
 39462 | D:13     | Identified the +10 falchion of Cobwebs {speed, rCorr Str+4}
 39472 | D:13     | Killed Nessos
 39473 | D:13     | Reached skill level 13 in Transmutations
 39490 | D:13     | Found a gate to the Vaults.
 40126 | D:14     | You fall into a shaft and drop 1 floor!
 40126 | D:15     | Entered Level 15 of the Dungeon
 40645 | D:14     | Reached XP level 15. HP: 48/72 MP: 16/30
 40658 | D:14     | Identified the +8 long sword of Ointment {flame, rC+ rN+
                  | rCorr}
 40756 | D:14     | Found a runed translucent gate.
 40756 | D:14     | Found a runed translucent gate.
 40756 | D:14     | Found a runed translucent gate.
 42085 | D:15     | Reached skill level 14 in Transmutations
 42771 | D:15     | Noticed Azrael
 42786 | D:15     | HP: 3/72 [Azrael/damnation (34)]
 43123 | D:15     | Killed Azrael
 43437 | D:15     | Found a staircase to the Depths.
 43579 | D:15     | Found a radiant altar of Vehumet.
 43707 | D:15     | Identified the +8 quarterstaff of the Bear {protect, rF+}
 44377 | Shoals:1 | Entered Level 1 of the Shoals
 44384 | Shoals:1 | Reached skill level 1 in Translocations
 44738 | Shoals:1 | Noticed Josephine
 44758 | Shoals:1 | Killed Josephine
 44856 | Shoals:1 | Noticed Frances
 44865 | Shoals:1 | Killed Frances
 44866 | Shoals:1 | Reached skill level 5 in Translocations
 45084 | Shoals:1 | Noticed Donald
 45096 | Shoals:1 | Annihilated by Donald
 45097 | Shoals:1 | Reached XP level 14. HP: -24/69 MP: 6/29
 45873 | Shoals:1 | Mangled by Donald
 45874 | Shoals:1 | Reached XP level 13. HP: -8/144 MP: 8/28
 45896 | Shoals:1 | Noticed a kraken
 45975 | Shoals:2 | Found a runed translucent gate.
 45975 | Shoals:2 | Found a runed translucent gate.
 45975 | Shoals:2 | Found a runed translucent gate.
 45980 | Shoals:2 | Noticed a frost giant
 45981 | Shoals:2 | Noticed a frost giant
 46170 | Shoals:2 | Noticed a merfolk javelineer
 46188 | Shoals:2 | Killed a merfolk javelineer
 46781 | Shoals:2 | Reached XP level 14. HP: 45/69 MP: 13/29
 47109 | Shoals:2 | Noticed a frost giant
 47613 | Shoals:2 | Noticed Aizul
 47629 | Shoals:2 | Killed Aizul
 47929 | Shoals:1 | Killed Donald
 48045 | Shoals:2 | Reached skill level 5 in Unarmed Combat
 48342 | Shoals:2 | Noticed Polyphemus
 48343 | Shoals:2 | Noticed Ilsuiw
 48924 | Shoals:2 | Killed Ilsuiw
 49427 | Shoals:2 | Killed Polyphemus
 50839 | Shoals:3 | Noticed Jorgrun
 50849 | Shoals:3 | Killed Jorgrun
 51211 | Shoals:4 | Entered Level 4 of the Shoals
 51406 | Shoals:4 | Found a runed translucent door.
 51407 | Shoals:4 | Noticed dolemite99's ghost (adept TrMo)
 51538 | Shoals:4 | Reached XP level 15. HP: 41/73 MP: 13/30
 51567 | Shoals:4 | Identified the +1 ring mail of Hustren {+Inv rPois Dex+3
                  | Slay-2}
 51573 | Shoals:4 | Reached skill level 1 in Evocations
 53078 | Shoals:4 | Identified the +1 scale mail of the Baking Gods {rF+ Str+3
                  | Dex+4}
 53468 | Shoals:4 | Reached skill level 15 in Transmutations
 54015 | Shoals:4 | Got a barnacled rune of Zot
 54497 | Shoals:4 | HP: 3/73 [merfolk impaler/+2 trident of freezing (3)]
 54950 | Shoals:4 | Bought a scroll of teleportation for 45 gold pieces
 54950 | Shoals:4 | Bought a scroll of teleportation for 45 gold pieces
 54950 | Shoals:4 | Bought a scroll of teleportation for 45 gold pieces
 54950 | Shoals:4 | Bought a scroll of teleportation for 45 gold pieces
 54950 | Shoals:4 | Bought a scroll of blinking for 112 gold pieces
 54950 | Shoals:4 | Bought a scroll of blinking for 112 gold pieces
 55967 | Spider:1 | Entered Level 1 of the Spider Nest
 55973 | Spider:1 | Noticed Mlioglotl
 56216 | Spider:1 | Killed Mlioglotl
 56217 | Spider:1 | Reached skill level 5 in Evocations
 57805 | Spider:1 | Reached XP level 16. HP: 72/78 MP: 9/31
 57994 | Spider:1 | Reached skill level 16 in Transmutations
 59127 | Spider:1 | Reached skill level 15 in Air Magic
 61888 | Spider:2 | Reached skill level 17 in Transmutations
 63835 | Spider:3 | Noticed Agnes
 64536 | Spider:3 | Killed Agnes
 65725 | Spider:3 | Noticed Arachne
 66071 | Spider:3 | Killed Arachne
 66553 | Spider:4 | Entered Level 4 of the Spider Nest
 67417 | Spider:4 | Identified the +5 great sword of Abuse {freeze, rN+ Int+2}
 68789 | Spider:4 | Reached XP level 17. HP: 82/82 MP: 29/34
 70609 | Spider:4 | Got a gossamer rune of Zot
 70988 | Lair:6   | Learned a level 8 spell: Summon Horrible Things
 70988 | Lair:6   | Fell from the grace of Gozag
 70988 | Lair:6   | Became a worshipper of Jiyva Jyqeot the Shapeless
 70991 | Slime:1  | Entered Level 1 of the Pits of Slime
 70994 | Slime:1  | Noticed an acid blob
 71015 | Slime:1  | Noticed an acid blob
 71015 | Slime:1  | Noticed an acid blob
 71335 | Slime:2  | Noticed an acid blob
 71478 | Slime:3  | Noticed an acid blob
 71508 | Slime:3  | Noticed an acid blob
 71511 | Slime:3  | Noticed an acid blob
 71792 | Slime:5  | Entered Level 5 of the Pits of Slime
 71803 | Slime:5  | Noticed an acid blob
 71804 | Slime:5  | Found a viscous altar of Jiyva.
 71804 | Slime:5  | Noticed an acid blob
 71804 | Slime:5  | Noticed an acid blob
 71804 | Slime:5  | Noticed an acid blob
 71807 | Slime:5  | Noticed the Royal Jelly
 71808 | Slime:5  | Noticed an acid blob
 71852 | Slime:5  | Noticed an acid blob
 71864 | Slime:5  | Noticed an acid blob
 71880 | Slime:5  | Noticed an acid blob
 71889 | Slime:5  | Noticed an acid blob
 72231 | Elf:1    | Entered Level 1 of the Elven Halls
 72621 | Elf:1    | Found a radiant altar of Vehumet.
 73632 | Elf:1    | Identified the +4 falchion of Fixation {freeze, rN++
                  | Stlth+}
 74009 | Elf:1    | Identified the +6 great sword of Pashrabbu {elec, Str+7}
 74956 | Elf:1    | Found Sovorat's Book Shoppe.
 74959 | Elf:1    | Found Niyda's Jewellery Shop.
 74960 | Elf:1    | Found Utol's Book Shoppe.
 74965 | Elf:1    | Bought a book of Changes for 216 gold pieces
 74968 | Elf:1    | Learned a level 2 spell: Wereblood
 76321 | Elf:2    | Reached skill level 18 in Transmutations
 76411 | Elf:2    | Reached * piety under Jiyva
 76826 | Elf:2    | Found a runed translucent gate.
 76827 | Elf:2    | Found a runed translucent gate.
 76827 | Elf:2    | Found a runed translucent gate.
 77273 | Elf:3    | Entered Level 3 of the Elven Halls
 77537 | Elf:3    | Reached ** piety under Jiyva
 77553 | Elf:3    | Noticed Louise
 77563 | Elf:3    | Killed Louise
 77674 | Elf:3    | Found a runed translucent gate.
 77674 | Elf:3    | Found a runed translucent gate.
 77674 | Elf:3    | Found a runed translucent gate.
 77674 | Elf:3    | Noticed a deep elf master archer
 77674 | Elf:3    | Noticed Wicel's ghost (adept MiBe)
 77677 | Elf:3    | Found an iron altar of Okawaru.
 77784 | Elf:3    | HP: 1/80 [+2 trident of protection (15)]
 77786 | Elf:3    | Slain by a +2 trident of protection
 77787 | Elf:3    | Reached XP level 16. HP: 0/77 MP: 7/33
 78185 | Elf:3    | Noticed a deep elf master archer
 78186 | Elf:3    | Identified the ring of Xom's Attic {rC++ rCorr EV+4 Stlth-}
 78189 | Elf:3    | Noticed a deep elf blademaster
 78191 | Elf:3    | Identified the ring of Ethiec {Fly rN+ Int+4 Dex+6}
 78191 | Elf:3    | Noticed a deep elf master archer
 78191 | Elf:3    | Identified the +0 long sword "Kifong" {antimagic, rElec
                  | rPois rC+ Dex+5}
 78192 | Elf:3    | Identified the ring "Uzemulyr" {rPois Slay+3}
 78194 | Elf:3    | Noticed a deep elf blademaster
 78198 | Elf:3    | Killed a deep elf master archer
 78201 | Elf:3    | Identified the ring of the Jolly Tusks {rCorr Str+5}
 78252 | Elf:3    | Got the Volume of the Arsonist and Feathers
 78371 | Elf:3    | Killed a deep elf blademaster
 78575 | Elf:3    | Reached XP level 17. HP: 83/83 MP: 13/34
 78638 | Elf:3    | Killed a deep elf master archer
 78808 | Elf:3    | Identified the +1 leather armour "Fots" {-Tele Str+2 Int+10
                  | Stlth+}
 78996 | Elf:3    | Killed a deep elf blademaster
 79078 | Elf:3    | Reached skill level 19 in Transmutations
 79230 | Elf:3    | Killed from afar by a deep elf annihilator

Illustrated notes

Levels and vault maps discovered:
D:1:      matt_arrival_los_fun, layout_rooms, chequers_serial_rivers_large_a
D:2:      layout_rooms, serial_undead, serial_undead_c, serial_undead_c,
          serial_undead_a, serial_undead_e, basic_altar, basic_ecumenical_altar
D:3:      layout_rooms, mainiacjoe_overflow_alcove_1, uniq_grinder
D:4:      layout_loops_ring, nicolae_overflow_hidden_temple,
          minmay_temple_entry_glassed_door, uniq_blork_the_orc, uniq_natasha,
          uniq_pikel, uniq_edmund
D:5:      layout_loops_ring, serial_shops, kennysheep_mini_moat
D:6:      lemuel_ratsnest, layout_rooms, nicolae_overflow_crystal_walls,
          lemuel_tele_altar
D:7:      layout_basic, enter_bailey_3
D:8:      layout_cave_pods, gammafunk_ghost_wrathful_warriors
D:9:      layout_loops_ring, hellmonk_ghost_big_iron, hangedman_decor_riveting,
          uniq_maurice
D:10:     layout_irregular_city, gammafunk_ghost_spectres
D:11:     layout_basic, due_lair_maze_entry_diamond, uniq_sonja
D:12:     layout_loops_ring, zombieorc2_lemuel, special_room [special_room_orc],
          nicolae_shop_overcharged_wands, uniq_kirke
D:13:     layout_rooms, skrybe_vaults_entry_preservation, uniq_nessos,
          uniq_lodul
D:14:     layout_irregular_city, ploomutoo_gammafunk_ghost_potion_laboratory,
          serial_park_gazebo [serial_park_minivault_5x5_8]
D:15:     gammafunk_depths_entry_grave, layout_basic,
          nicolae_vehumet_altar_sigil, minivault_16, minmay_misc_feat_pillars,
          uniq_azrael
Temple:   regret_index_temple_generic_petals
Lair:1:   layout_cave_pods, portal_ice_cave_entry_imps,
          nicolae_quartered_pool_super
Lair:2:   layout_loops_ring, dummy_spider_entry
Lair:3:   layout_big_grid, basic_altar
Lair:4:   layout_hall_layers, minmay_shoals_entry_beasts,
          nicolae_lair_lakeside_cave, serial_bayou_shore_b, grunt_megastairs_3,
          infiniplex_staircase_pool, uniq_urug
Lair:5:   layout_regular_city
Lair:6:   evil_forest, layout_misc_corridors, slime_altar_1, special_room
          [special_room_bee], hellmonk_guarded_unrand_seven_league_boots,
          infiniplex_staircase_pool_2
Shoals:1: layout_shoals, nicolae_shoals_kraken_intersection, uniq_frances,
          uniq_josephine, uniq_donald
Shoals:2: layout_shoals, nicolae_shoals_nautilus_by_nature,
          nicolae_shoals_beach_cooler, uniq_ilsuiw, uniq_aizul, uniq_polyphemus
Shoals:3: layout_shoals, nicolae_shoals_water_booths, uniq_jorgrun
Shoals:4: shoals_end_hangedman, layout_shoals, gammafunk_ghost_grave
Spider:1: layout_chambers, nicolae_spider_not_touching_you, uniq_mlioglotl
Spider:2: layout_spider_delve
Spider:3: layout_spider_delve, uniq_arachne, uniq_agnes
Spider:4: hellmonk_spider_rune_endless_swarm
Slime:1:  layout_caves
Slime:2:  layout_caves, special_room [special_room_jelly]
Slime:3:  layout_caves
Slime:4:  layout_caves
Slime:5
Orc:1:    layout_caves, elves_outpost_lemuel
Orc:2:    st_orc_open, layout_diamond_mine, serial_shops,
          nicolae_shop_bloodbath_and_beyond, elf_legates
Elf:1:    eino_elf_arrival_altar, layout_gridlike,
          kennysheep_underground_church, minmay_shop_grove
Elf:2:    elven_hall_of_blades_hangedman_original
          [nicolae_blade_entry_area_security], layout_gridlike,
          portal_desolation_entry_nicolae_nacl, grunt_megastairs_2
Elf:3:    elf_hall, layout_geoelf_diagonals, gammafunk_ghost_fury_of_okawaru,
          uniq_louise
Hell

Skill      XL: |  1  2  3  4  5  6  7  8  9 10 11 12 13 14 15 16 17 |
---------------+----------------------------------------------------+-----
Spellcasting   | 3 4 6 7 8 10 12 | 12.0
Hexes          | 2 4 5 7 |  7.1
Summonings     | 5 6 8 10 12 14 | 14.3
Air Magic      | 2 5 6 8 11 12 14 15 | 15.0
Fighting       | 2 4 7 10 11 13 14 | 14.0
Unarmed Combat | 2 3 8 |  8.0
Dodging        | 6 9 12 13 14 | 14.0
Necromancy     | 2 |  2.0
Transmutations | 1 6 11 13 15 17 19 | 19.0
Translocations | 8 6 |  8.5
Evocations     | 5 |  5.0
Stealth        | |  2.6

Action                   |  1- 3 |  4- 6 |  7- 9 | 10-12 | 13-15 | 16-18 || total
-------------------------+-------+-------+-------+-------+-------+-------++-------
Melee: Unarmed           |    22 |     3 |    29 |    37 |  1252 |  1255 ||  2598
       Bite              |     3 |       |     3 |     3 |     1 |       ||    10
       Punch             |       |       |       |     2 |    44 |    43 ||    89
 Cast: Summon Small Mamm |    66 |     9 |    34 |       |     1 |       ||   110
       Call Imp          |    27 |    12 |    34 |       |       |       ||    73
       Call Canine Famil |       |    10 |    81 |   113 |    95 |       ||   299
       Summon Guardian G |       |       |    29 |    65 |    60 |       ||   154
       Summon Lightning  |       |       |    52 |   166 |   140 |     1 ||   359
       Tukima's Dance    |       |       |       |    11 |    10 |       ||    21
       Anguish           |       |       |       |    42 |    60 |     1 ||   103
       Manifold Assault  |       |       |       |       |   244 |   501 ||   745
       Storm Form        |       |       |       |       |   130 |   174 ||   304
Invok: Call Merchant     |       |       |       |     2 |     1 |     1 ||     4
       Potion Petition   |       |       |       |     1 |    14 |       ||    15
 Abil: Blinkbolt         |       |       |       |       |    61 |    51 ||   112
Evoke: Wand              |       |       |       |       |    11 |     2 ||    13
       Condenser vane    |       |       |       |       |     1 |       ||     1
       Lightning rod     |       |       |       |       |     2 |       ||     2
       Box of beasts     |       |       |       |       |       |     1 ||     1
  Use: Scroll            |     3 |     1 |     4 |    15 |    24 |     8 ||    55
       Potion            |       |       |     1 |     1 |    10 |    13 ||    25
 Stab: Sleeping          |     1 |       |     1 |       |       |       ||     2
       Distracted        |       |       |       |     2 |    11 |     4 ||    17
       Betrayed ally     |       |       |       |     1 |       |       ||     1
       Invisible         |       |       |       |       |     3 |     3 ||     6
       Confused          |       |       |       |       |     2 |       ||     2
Armor: Skin              |     7 |     5 |    12 |     7 |   123 |    82 ||   236
Dodge: Dodged            |    31 |    10 |    53 |   115 |  1078 |   715 ||  2002
Block: Other             |       |       |       |    19 |   193 |   142 ||   354
       Reflection        |       |       |       |       |    16 |     7 ||    23

Table legend: (Time is in decaauts)
 A = Elapsed time spent in this place.
 B = Non-inter-level travel time spent in this place.
 C = Inter-level travel time spent in this place.
 D = Time resting spent in this place.
 E = Time spent auto-exploring this place.
 F = Levels seen in this place.
 G = Mean time per level.
                   A        B        C        D        E       F      G
               +--------+--------+--------+--------+--------+-----+--------+
         Total |  74812 |  72098 |   2714 |  26209 |  30649 |  42 | 1781.2 |
       Dungeon |  23728 |  22646 |   1082 |   4686 |  12222 |  15 | 1581.9 |
        Temple |    195 |    177 |     18 |      0 |    171 |   1 |  195.0 |
          Lair |  12485 |  11542 |    943 |   2914 |   6120 |   6 | 2080.8 |
        Shoals |  10922 |  10654 |    268 |   4838 |   3900 |   4 | 2730.5 |
   Spider Nest |  13939 |  13745 |    194 |   7683 |   4108 |   4 | 3484.8 |
    Slime Pits |    829 |    743 |     86 |      0 |    684 |   5 |  165.8 |
  Orcish Mines |   5012 |   4919 |     93 |   2802 |    931 |   2 | 2506.0 |
   Elven Halls |   6694 |   6666 |     28 |   2829 |   2364 |   3 | 2231.3 |
          Hell |      1 |      1 |      0 |      0 |      0 |   1 |    1.0 |
        Bailey |   1003 |   1003 |      0 |    455 |    148 |   1 | 1003.0 |
               +--------+--------+--------+--------+--------+-----+--------+

Top non-repeatable levels by time:
Spider:2: 4491 daAuts
Spider:1: 4344 daAuts
Spider:4: 4140 daAuts
Shoals:4: 3532 daAuts
   Elf:1: 3299 daAuts
   Orc:1: 3248 daAuts
    D:12: 2809 daAuts
  Lair:6: 2771 daAuts
  Lair:4: 2738 daAuts
Shoals:2: 2736 daAuts
    D:14: 2646 daAuts
Shoals:1: 2619 daAuts
     D:4: 2548 daAuts
    D:11: 2196 daAuts
  Lair:2: 2151 daAuts
